 Dungeon Crawl Stone Soup version 0.27-a0-1378-gdefffd1ff6 (webtiles) character file.

Game seed: 805445197789446281

148 lmSkywalker the Insei (level 5, 0/34 HPs)
             Began as an Octopode Transmuter on June 30, 2021.
             Slain by a ball python (2 damage)
             ... on level 3 of the Dungeon.
             The game lasted 00:11:59 (4668 turns).

lmSkywalker the Insei (Octopode Transmuter)         Turns: 4668, Time: 00:12:00

Health: 0/34       AC:  1    Str:  9    XL:     5   Next: 30%
Magic:  8/8        EV: 14    Int: 17    God:
Gold:   150        SH:  0    Dex: 12    Spells: 3/9 levels left

rFire    + . .     SeeInvis .     - Unarmed
rCold    . . .     Faith    .   (no shield)
rNeg     . . .     Spirit   .   (helmet currently unavailable)
rPois    .         Reflect  .   (no amulet)
rElec    .         Harm     .   a - ring of protection from cold
rCorr    .         Rampage  .   i - +4 ring of evasion
Will     .....                  l - ring of fire
Stlth    +++.......             (no ring)
HPRegen  0.11/turn              (no ring)
MPRegen  0.11/turn              (no ring)
                                (no ring)
                                (no ring)

@: appendages (expiring), constricted
A: tentacle spike 3, almost no armour, amphibious, 8 rings, camouflage 1,
gelatinous body 1, (nimble swimmer 1), tentacles
a: End Transformation


You were on level 3 of the Dungeon.
One of your tentacles had grown a beastly spike.
You visited 1 branch of the dungeon, and saw 4 of its levels.

You collected 150 gold pieces.

Inventory:

Armour
 m - a +0 hat (melded)
Jewellery
 a - a ring of protection from cold (left tentacle)
 i - a +4 ring of evasion (right tentacle)
 l - a ring of fire (on tentacle)
Scrolls
 f - a scroll of enchant armour {unknown}
 g - 2 scrolls of immolation {unknown}
 h - a scroll of magic mapping {unknown}
 j - 2 scrolls of teleportation {unknown}
 k - 2 scrolls of identify {unknown}
 n - a scroll of noise {unknown}
Potions
 b - 2 potions of curing {unknown}
 c - a potion of ambrosia {unknown}
 d - a potion of haste {unknown}
 e - 2 potions of attraction {unknown}


   Skills:
 + Level 2.1 Fighting
 + Level 2.7 Dodging
 + Level 2.5 Stealth
 + Level 3.5 Unarmed Combat
 + Level 2.6 Spellcasting
 + Level 2.9 Transmutations


You had 3 spell levels left.
You knew the following spells:

 Your Spells              Type           Power      Damage    Failure   Level
a - Beastly Appendage     Tmut           24%        N/A       5%          1
b - Wereblood             Tmut           12%        N/A       9%          2
c - Spider Form           Tmut/Pois      3%         N/A       30%         3

Your spell library contained the following spells:

 Spells                   Type           Power      Damage    Failure   Level
 Summon Small Mammal      Summ           8%         N/A       19%         1
 Call Imp                 Summ           2%         N/A       28%         2
 Call Canine Familiar     Summ           2%         N/A       50%         3
 Summon Guardian Golem    Hex/Summ       2%         N/A       50%         3
 Ice Form                 Ice/Tmut       7%         N/A       69%         4
 Summon Ice Beast         Ice/Summ       2%         N/A       88%         4
 Summon Lightning Spire   Summ/Air       2%         N/A       88%         4


Dungeon Overview and Level Annotations

Branches:
Dungeon (4/15)
 Temple: D:4-7

Altars:
Nemelex Xobeh
Zin

Annotations:
D:2 exclusion: gnoll
D:3 1 runed translucent door, exclusions: 2 adders, kobold and water moccasin, Crazy Yiuf
D:4 Grinder


Innate Abilities, Weirdness & Mutations

One of your tentacles has grown a beastly spike.
You cannot wear most types of armour.
You are amphibious.
You can wear up to eight rings at the same time.
Your skin changes colour to match your surroundings (Stealth+).
Your rubbery body absorbs attacks. (AC +1, EV +1)
((You are camouflaged near water. (Stealth+)))
You have tentacles for arms and can constrict up to eight enemies at once.


Message History

The hound is heavily wounded.
You constrict the hound, but do no damage.
The hound misses you. The ball python bites you.
The ball python completely misses you. The hound closely misses you.
The iguana misses you.
You barely miss the hound.
The hound is heavily wounded.
You constrict the hound. The hound bites you. The ball python misses you.
The ball python completely misses you.
You tentacle-slap the hound.
The hound is almost dead.
You constrict the hound. The hound misses you. The iguana barely misses you.
The ball python bites you. The ball python grabs you.
The ball python constricts you. The hound closely misses you.
You tentacle-slap the hound.
You kill the hound!
The ball python closely misses you. The ball python constricts you.
The iguana completely misses you.
You barely miss the iguana. Your grab misses the iguana.
Your tentacle spike misses the iguana.
You squeeze the iguana.
The iguana is moderately wounded.
The ball python bites you.
* * * LOW HITPOINT WARNING * * *
The ball python constricts you. The iguana misses you.
You tentacle-slap the iguana. Your grab misses the iguana.
You pierce the iguana.
The iguana is heavily wounded.
The ball python bites you.
* * * LOW HITPOINT WARNING * * *
x2 The ball python constricts you.
The iguana misses you.
The ball python bites you but does no damage.
* * * LOW HITPOINT WARNING * * *
The ball python constricts you.
You barely miss the iguana. You grab the iguana. You squeeze the iguana.
The iguana is severely wounded.
You constrict the iguana, but do no damage.
The iguana bites you.
* * * LOW HITPOINT WARNING * * *
The ball python bites you.
You die...

######.# # #.# #
#.# ## #.# #####
#. #.# ##...##
####.
##.#######.###.#
#....
#..........# #.#
#.##.
##...######.###.#
#####.##.
####.....#
##S@l## #........
........## ##†##
#.###.###
####...## #.#
#.###.# # ###.#
#.# #.#...# # #
#.# #.# #.#.### #
# ##+## #.#
#.#.##### #
#...## #.#
#........ #
##...#######.####
###.#####
#....##........#
#.##.##


You could see an iguana and a ball python.

Vanquished Creatures
  A hound (D:3)
  Jessica (D:3)
  Terence (D:3)
  An adder (D:2)
  3 worms
  A dart slug (D:3)
  6 endoplasms
  A giant cockroach (D:3)
  3 hobgoblins
  3 quokkas
  6 ball pythons
  4 bats
  3 frilled lizards
  5 goblins
  8 kobolds
  6 rats
53 creatures vanquished.

Vanquished Creatures (others)
  A plant (D:2)
1 creature vanquished.

Grand Total: 54 creatures vanquished

Notes
Turn   | Place    | Note
-------+----------+-------------------------------------------
     0 | D:1      | lmSkywalker the Octopode Transmuter began the quest for the
                  | Orb.
     0 | D:1      | Reached XP level 1. HP: 13/13 MP: 3/3
   774 | D:1      | Reached XP level 2. HP: 18/18 MP: 3/5
  1327 | D:1      | Reached skill level 1 in Stealth
  1994 | D:2      | Found a faded altar of an unknown god.
  2077 | D:2      | Reached XP level 3. HP: 15/23 MP: 4/6
  2080 | D:2      | Learned a level 2 spell: Wereblood
  2190 | D:2      | Noticed Terence
  2589 | D:2      | Found a glowing silver altar of Zin.
  2718 | D:2      | Learned a level 3 spell: Spider Form
  3525 | D:3      | Found a sparkling altar of Nemelex Xobeh.
  3668 | D:3      | Reached XP level 4. HP: 21/29 MP: 3/7
  3960 | D:3      | Found a runed translucent door.
  3961 | D:3      | Noticed Crazy Yiuf
  4100 | D:3      | Noticed a water moccasin
  4162 | D:3      | Killed Terence
  4237 | D:3      | Noticed Jessica
  4247 | D:3      | Killed Jessica
  4248 | D:3      | Reached XP level 5. HP: 24/34 MP: 6/8
  4655 | D:4      | Noticed Grinder
  4668 | D:3      | Slain by a ball python

Illustrated notes

Levels and vault maps discovered:
D:1:      lightli_arrival_maybe_door_vault, layout_loops_corners,
          minmay_close_crescents
D:2:      layout_basic, serial_forest, infiniplex_forest_zigzag_1,
          infiniplex_forest_straight_2, infiniplex_forest_lined_ring,
          infiniplex_forest_clump_curved, infiniplex_forest_end_1,
          infiniplex_forest_lined_room_2, infiniplex_forest_end_1, basic_altar,
          ebering_ecumenical_altar_box, uniq_terence
D:3:      layout_loops_corners, general_overflow_altar, uniq_jessica,
          uniq_crazy_yiuf_cottage
D:4:      layout_basic, gup_sewer_entry_bowl, uniq_grinder, uniq_edmund

Skill      XL: |  1  2  3  4 |
---------------+-------------+-----
Stealth        | 1 2 |  2.5
Fighting       | 2 |  2.1
Dodging        | |  2.7
Unarmed Combat | |  3.5
Spellcasting   | |  2.6
Transmutations | |  2.9

Action                   |  1- 3 |  4- 6 || total
-------------------------+-------+-------++-------
Melee: Unarmed           |    98 |    32 ||   130
       Constrict         |    27 |     6 ||    33
       Kick              |    20 |    11 ||    31
       Tentacles         |    13 |    12 ||    25
       Punch             |     1 |     1 ||     2
 Cast: Beastly Appendage |    38 |     9 ||    47
       Wereblood         |     2 |     1 ||     3
 Stab: Sleeping          |     6 |       ||     6
Armor: Skin              |     7 |     2 ||     9
Dodge: Dodged            |    57 |    37 ||    94

Table legend: (Time is in decaauts)
 A = Elapsed time spent in this place.
 B = Non-inter-level travel time spent in this place.
 C = Inter-level travel time spent in this place.
 D = Time resting spent in this place.
 E = Time spent auto-exploring this place.
 F = Levels seen in this place.
 G = Mean time per level.
                   A        B        C        D        E       F      G
               +--------+--------+--------+--------+--------+-----+--------+
         Total |   4663 |   4338 |    325 |      4 |   3501 |   4 | 1165.8 |
       Dungeon |   4663 |   4338 |    325 |      4 |   3501 |   4 | 1165.8 |
               +--------+--------+--------+--------+--------+-----+--------+

Top non-repeatable levels by time:
     D:1: 1703 daAuts
     D:2: 1644 daAuts
     D:3: 1311 daAuts
     D:4: 4 daAuts
